Blue Jackets vs Islanders

Created - May 28, 2022 at 21:09

Goals
1 2 3 OT1 SO T
Blue Jackets 0 2 0 0 0 2
Islanders 0 1 1 0 1 3
Shots
1 2 3 OT1 SO T
Blue Jackets 3 19 6 7 3 35
Islanders 13 10 12 1 2 36

1st period

No Goal

Penalties :
No Penalty

2nd period

1. Islanders , Marc-Édouard Vlasic 2 (Pierre-Edouard Bellemare 12) at 8:53
2. Blue Jackets , Tyler Seguin 40 (Artemi Panarin 53) at 14:42
3. Blue Jackets , Artemi Panarin 32 (Bobby Ryan 32) at 17:38 (PP)

Penalties :
Martin Havlat (Clb) for Cross-checking (Minor) at 2:41, Michael Latta (NyI) for Hooking (Minor) at 17:26, Melker Karlsson (NyI) for Hooking (Minor) at 19:34

3rd period

4. Islanders , Craig Smith 17 (Sergei Plotnikov 15) at 18:51

Penalties :
Melker Karlsson (NyI) for Hooking (Minor) at 3:31, Tim Schaller (Clb) for Tripping (Minor) at 10:18

Overtime #1

No Goal

Penalties :
No Penalty

Shootout

Blue Jackets, Tyler Seguin - Stopped by Keith Kinkaid
Islanders, Vladimir Tarasenko - Stopped by Rick DiPietro
Blue Jackets, Artemi Panarin - Shot Misses the Net
Islanders, Rick Nash - Goal!
Blue Jackets, Bobby Ryan - Shot Misses the Net

Penalties :
No Penalty

Goalie Stats

Rick DiPietro (Clb), 34 saves from 36 shots - (0.944), OTL, 24-20-9, 65:00 minutes
Keith Kinkaid (NyI), 33 saves from 35 shots - (0.943), W, 5-7-2, 64:58 minutes

Players Stats for Blue Jackets

Player Name              G  A  P  +/- PIM S  H  SB GA TA FO     MP     PP MP  PK MP  
------------------------------------------------------------------------------------
Artemi Panarin           1  1  2   0  0   3  2  1  2  0  1/2    23:37   1:52   2:00 
Bobby Ryan               0  1  1   0  0   8  2  0  0  0  2/3    20:43   1:52   0:48 
Colton Parayko           0  0  0  -1  0   3  1  3  0  0  0/0    29:23   1:34   2:17 
Daniel Carcillo          0  0  0   0  0   4  1  1  1  0  1/6    19:38   2:18   1:36 
Dave Bolland             0  0  0   0  0   0  0  1  0  0  6/12   17:27   2:18   0:30 
Dennis Wideman           0  0  0   1  0   2  2  1  0  0  0/0    23:32   2:36   1:41 
Devin Setoguchi          0  0  0   0  0   0  2  0  2  0  0/1    16:46   2:18   0:00 
Martin Havlat            0  0  0   0  2   1  0  0  0  0  0/0     7:16   0:00   0:00 
Mats Zuccarello          0  0  0  -1  0   2  1  0  0  0  1/2    13:57   0:00   0:00 
Peter Mueller            0  0  0  -1  0   3  1  0  0  0  2/4    14:35   0:00   0:57 
Rickard Rakell           0  0  0   0  0   2  3  0  0  0  0/0    13:01   0:00   0:12 
Rob Scuderi              0  0  0  -1  0   0  2  0  0  0  0/0    11:50   0:00   0:00 
Ryan Wilson              0  0  0  -1  0   0  0  2  0  0  0/0    11:53   0:00   0:00 
Shea Weber               0  0  0   1  0   2  1  2  0  0  0/0    23:37   2:36   1:41 
Tim Schaller             0  0  0   0  2   0  0  0  0  0  0/0     7:12   0:00   0:00 
Travis Hamonic           0  0  0  -1  0   4  0  4  0  1  0/0    29:25   1:34   2:17 
Tyler Seguin             1  0  1   0  0   1  2  0  0  0  10/30  27:25   1:52   1:53 
Zac Rinaldo              0  0  0  -1  0   0  0  0  0  0  1/1     4:43   0:00   0:00 

Players Stats for Islanders

Player Name              G  A  P  +/- PIM S  H  SB GA TA FO     MP     PP MP  PK MP  
------------------------------------------------------------------------------------
Andrew Shaw              0  0  0   0  0   4  0  0  0  0  0/1     9:59   0:01   0:00 
Brock McGinn             0  0  0  -1  0   1  1  1  0  1  0/0    16:59   1:52   0:14 
Craig Smith              1  0  1   1  0   1  2  0  0  1  1/1    14:26   0:00   0:57 
Emerson Etem             0  0  0   0  0   1  1  0  0  0  1/1    10:49   2:05   0:00 
Fedor Tyutin             0  0  0   0  0   1  1  3  0  1  0/0    23:26   1:34   1:17 
Frans Nielsen            0  0  0  -1  0   2  4  1  1  0  10/18  19:12   2:05   0:57 
Jiri Hudler              0  0  0   0  0   1  1  0  0  0  4/5     9:59   0:00   0:52 
Justin Falk              0  0  0   1  0   1  0  0  0  0  0/0    12:42   0:00   0:00 
Marc-Édouard Vlasic      1  0  1   0  0   2  2  4  0  0  0/0    23:26   1:34   1:17 
Melker Karlsson          0  0  0   1  4   1  0  1  0  1  7/10   17:46   1:52   0:00 
Michael Latta            0  0  0   1  2   3  2  0  0  0  5/11   12:00   0:00   0:00 
Nikita Zadorov           0  0  0   1  0   1  1  1  0  0  0/0    12:42   0:00   0:00 
Pierre-Edouard Bellemare 0  1  1   1  0   3  0  2  0  0  0/0    15:47   0:00   0:00 
Rick Nash                0  0  0   1  0   5  3  0  0  0  1/2    22:56   1:52   2:26 
Ryan Ellis               0  0  0   0  0   3  3  1  0  0  0/0    28:52   2:24   2:53 
Sergei Plotnikov         0  1  1   1  0   1  1  0  0  0  0/0    13:05   0:01   0:00 
Vladimir Tarasenko       0  0  0  -1  0   4  0  2  0  1  8/12   22:49   2:06   2:54 
Yann Sauvé               0  0  0   0  0   1  4  3  0  0  0/0    28:52   2:24   2:53 

3 Stars

1 - Artemi Panarin (Clb)
2 - Keith Kinkaid (NyI)
3 - Craig Smith (NyI)

Power Play

Blue Jackets - 1 on 3 Attempt(s) - 33.33%
Islanders - 0 on 2 Attempt(s) - 0.00%

Penalty Kill

Blue Jackets - 2 on 2 Attempt(s) - 100.00% - Score 0 goal in Penalty Kill
Islanders - 2 on 3 Attempt(s) - 66.67% - Score 0 goal in Penalty Kill

Team Stat

Blue Jackets - Hits : 20 - Faceoff Wins : 24 - Blocked Shots : 15 - Penalty Minutes : 4
Islanders - Hits : 26 - Faceoff Wins : 37 - Blocked Shots : 19 - Penalty Minutes : 6

Official

Referees : Dan O'Rourke and Conor O'Donnell
Linesman : Bevan Mills and Devin Berg

Game Notes

No Game Note

Finance

Level 1 -- Attendance: 5856 (97.60%) -- Ticket Income $585,600
Level 2 -- Attendance: 5000 (100.00%) -- Ticket Income $300,000
Level 3 -- Attendance: 1787 (89.35%) -- Ticket Income $62,545
Level 4 -- Attendance: 4000 (100.00%) -- Ticket Income $100,000
Luxury Box -- Attendance: 999 (99.90%) -- Ticket Income $199,800
Game was played at the Nassau Coliseum.
Total Attendance: 17642 (98.01%)
Total Ticket Income: $1,247,945
Other Income: $187,192
Total Income: $1,435,137

Blue Jackets

5 vs 5 Forward 
   Center                   Left Wing                Right Wing               Time % Phy DF OF 
 1 Tyler Seguin             Artemi Panarin           Bobby Ryan               40     1   2  2  
 2 Dave Bolland             Daniel Carcillo          Devin Setoguchi          30     1   2  2  
 3 Peter Mueller            Rickard Rakell           Mats Zuccarello          20     1   2  2  
 4 Tyler Seguin             Tim Schaller             Martin Havlat            10     1   2  2  

5 vs 5 Defense 
   Defense                  Defense                                           Time % Phy DF OF 
 1 Travis Hamonic           Colton Parayko                                    40     1   2  2  
 2 Shea Weber               Dennis Wideman                                    30     1   2  2  
 3 Rob Scuderi              Ryan Wilson                                       20     1   2  2  
 4 Travis Hamonic           Colton Parayko                                    10     1   2  2  

PowerPlay Forward 
   Center                   Left Wing                Right Wing               Time % Phy DF OF 
 1 Tyler Seguin             Artemi Panarin           Bobby Ryan               60     1   2  2  
 2 Dave Bolland             Daniel Carcillo          Devin Setoguchi          40     1   2  2  

PowerPlay Defense
   Defense                  Defense                                           Time % Phy DF OF 
 1 Travis Hamonic           Colton Parayko                                    60     1   2  2  
 2 Shea Weber               Dennis Wideman                                    40     1   2  2  

Penalty Kill 4 Players Forward 
   Center                   Wing                     Time % Phy DF OF 
 1 Tyler Seguin             Artemi Panarin           60     1   2  2  
 2 Bobby Ryan               Daniel Carcillo          40     1   2  2  

Penalty Kill 4 Players Defense
   Defense                  Defense                  Time % Phy DF OF 
 1 Travis Hamonic           Colton Parayko           60     1   2  2  
 2 Shea Weber               Dennis Wideman           40     1   2  2  

Penalty Kill - 3 Players Forward 
   Forward                                           Time % Phy DF OF 
 1 Tyler Seguin                                      60     1   2  2  
 2 Artemi Panarin                                    40     1   2  2  

Penalty Kill - 3 Players Defense
   Defense                  Defense                  Time % Phy DF OF 
 1 Travis Hamonic           Colton Parayko           60     1   2  2  
 2 Shea Weber               Dennis Wideman           40     1   2  2  

4 vs 4 Forward 
   Center                   Wing                     Time % Phy DF OF 
 1 Tyler Seguin             Artemi Panarin           60     1   2  2  
 2 Bobby Ryan               Daniel Carcillo          40     1   2  2  

4 vs 4 Defense
   Defense                  Defense                  Time % Phy DF OF 
 1 Travis Hamonic           Colton Parayko           60     1   2  2  
 2 Shea Weber               Dennis Wideman           40     1   2  2  

Last Minutes Offensive
   Center                   Left Wing                Right Wing               Defense                  Defense                  
   Tyler Seguin             Artemi Panarin           Bobby Ryan               Travis Hamonic           Colton Parayko           

Last Minutes Defensive
   Center                   Left Wing                Right Wing               Defense                  Defense                  
   Tyler Seguin             Artemi Panarin           Bobby Ryan               Travis Hamonic           Colton Parayko           

Goaltenders
Starting : Rick DiPietro            
Backup : Jonas Gustavsson         

Extra Forwards
Normal : Zac Rinaldo, Mats Zuccarello, Peter Mueller - PP : Zac Rinaldo, Mats Zuccarello - PK : Peter Mueller
Extra Defensemen
Normal : Rob Scuderi, Ryan Wilson, Shea Weber - PP : Rob Scuderi - PK : Ryan Wilson, Shea Weber
Penalty Shots
Tyler Seguin, Artemi Panarin, Bobby Ryan, Daniel Carcillo, Devin Setoguchi

Scratches
Andreas Nodl (Healthy), Kevin Porter (Healthy), Shea Theodore (Healthy), T.J. Oshie (Healthy), William Karlsson (Healthy)

Islanders

5 vs 5 Forward 
   Center                   Left Wing                Right Wing               Time % Phy DF OF 
 1 Frans Nielsen            Brock McGinn             Vladimir Tarasenko       40     1   2  2  
 2 Melker Karlsson          Pierre-Edouard Bellemare Rick Nash                30     1   2  2  
 3 Michael Latta            Sergei Plotnikov         Craig Smith              20     1   2  2  
 4 Jiri Hudler              Emerson Etem             Andrew Shaw              10     1   2  2  

5 vs 5 Defense 
   Defense                  Defense                                           Time % Phy DF OF 
 1 Ryan Ellis               Yann Sauvé                                        40     1   2  2  
 2 Fedor Tyutin             Marc-Édouard Vlasic                               30     1   2  2  
 3 Nikita Zadorov           Justin Falk                                       20     1   2  2  
 4 Ryan Ellis               Yann Sauvé                                        10     1   2  2  

PowerPlay Forward 
   Center                   Left Wing                Right Wing               Time % Phy DF OF 
 1 Frans Nielsen            Emerson Etem             Vladimir Tarasenko       60     1   2  2  
 2 Melker Karlsson          Brock McGinn             Rick Nash                40     1   2  2  

PowerPlay Defense
   Defense                  Defense                                           Time % Phy DF OF 
 1 Ryan Ellis               Yann Sauvé                                        60     1   2  2  
 2 Fedor Tyutin             Marc-Édouard Vlasic                               40     1   2  2  

Penalty Kill 4 Players Forward 
   Center                   Wing                     Time % Phy DF OF 
 1 Vladimir Tarasenko       Rick Nash                60     1   2  2  
 2 Frans Nielsen            Craig Smith              40     1   2  2  

Penalty Kill 4 Players Defense
   Defense                  Defense                  Time % Phy DF OF 
 1 Ryan Ellis               Yann Sauvé               60     1   2  2  
 2 Fedor Tyutin             Marc-Édouard Vlasic      40     1   2  2  

Penalty Kill - 3 Players Forward 
   Forward                                           Time % Phy DF OF 
 1 Vladimir Tarasenko                                60     1   2  2  
 2 Rick Nash                                         40     1   2  2  

Penalty Kill - 3 Players Defense
   Defense                  Defense                  Time % Phy DF OF 
 1 Ryan Ellis               Yann Sauvé               60     1   2  2  
 2 Fedor Tyutin             Marc-Édouard Vlasic      40     1   2  2  

4 vs 4 Forward 
   Center                   Wing                     Time % Phy DF OF 
 1 Vladimir Tarasenko       Rick Nash                60     1   2  2  
 2 Frans Nielsen            Craig Smith              40     1   2  2  

4 vs 4 Defense
   Defense                  Defense                  Time % Phy DF OF 
 1 Ryan Ellis               Yann Sauvé               60     1   2  2  
 2 Fedor Tyutin             Marc-Édouard Vlasic      40     1   2  2  

Last Minutes Offensive
   Center                   Left Wing                Right Wing               Defense                  Defense                  
   Frans Nielsen            Emerson Etem             Vladimir Tarasenko       Ryan Ellis               Yann Sauvé               

Last Minutes Defensive
   Center                   Left Wing                Right Wing               Defense                  Defense                  
   Frans Nielsen            Emerson Etem             Vladimir Tarasenko       Ryan Ellis               Yann Sauvé               

Goaltenders
Starting : Keith Kinkaid            
Backup : Ryan Miller              

Extra Forwards
Normal : Andrew Shaw, Sergei Plotnikov, Jiri Hudler - PP : Andrew Shaw, Sergei Plotnikov - PK : Jiri Hudler
Extra Defensemen
Normal : Nikita Zadorov, Justin Falk, Fedor Tyutin - PP : Nikita Zadorov - PK : Justin Falk, Fedor Tyutin
Penalty Shots
Vladimir Tarasenko, Rick Nash, Frans Nielsen, Craig Smith, Emerson Etem

Scratches
Carl Klingberg (Healthy), Julien Ellis (Healthy)

% Time on Ice - Blue Jackets

Lines # - Real PCT - Wanted PCT - Time Play
Normal Forward
1 - 33% - 40% - 17:04
2 - 28% - 30% - 14:40
3 - 25% - 20% - 12:59
4 - 14% - 10% - 7:09
Normal Defense
1 - 39% - 40% - 20:02
2 - 34% - 30% - 17:24
3 - 23% - 20% - 11:53
4 - 5% - 10% - 2:33
PP Forward
1 - 45% - 60% - 1:52
2 - 55% - 40% - 2:18
PP Defense
1 - 38% - 60% - 1:34
2 - 62% - 40% - 2:36
PK Forward
1 - 80% - 60% - 3:10
2 - 20% - 40% - 0:48
PK Defense
1 - 58% - 60% - 2:17
2 - 42% - 40% - 1:41
PK3 Forward
1 - 0% - 60%
2 - 0% - 40%
PK3 Defense
1 - 0% - 60%
2 - 0% - 40%
44 Forward
1 - 71% - 60% - 3:33
2 - 29% - 40% - 1:27
44 Defense
1 - 60% - 60% - 2:59
2 - 40% - 40% - 2:01
Last Minute Offensive  - 0:00
Last Minute Defensive  - 0:00
Total
Forward - 65:00
Defense - 65:00

% Time on Ice - Islanders

Lines # - Real PCT - Wanted PCT - Time Play
Normal Forward
1 - 29% - 40% - 14:58
2 - 31% - 30% - 15:58
3 - 23% - 20% - 12:01
4 - 17% - 10% - 8:55
Normal Defense
1 - 36% - 40% - 18:31
2 - 35% - 30% - 18:22
3 - 24% - 20% - 12:42
4 - 4% - 10% - 2:17
PP Forward
1 - 53% - 60% - 2:06
2 - 47% - 40% - 1:52
PP Defense
1 - 61% - 60% - 2:24
2 - 39% - 40% - 1:34
PK Forward
1 - 77% - 60% - 3:13
2 - 23% - 40% - 0:57
PK Defense
1 - 69% - 60% - 2:53
2 - 31% - 40% - 1:17
PK3 Forward
1 - 0% - 60%
2 - 0% - 40%
PK3 Defense
1 - 0% - 60%
2 - 0% - 40%
44 Forward
1 - 72% - 60% - 3:36
2 - 28% - 40% - 1:24
44 Defense
1 - 56% - 60% - 2:47
2 - 44% - 40% - 2:13
Last Minute Offensive  - 0:00
Last Minute Defensive  - 0:00
Total
Forward - 65:00
Defense - 65:00

Play-by-Play

1st period


0:01 of 1st period - Tyler Seguin wins face-off versus Frans Nielsen in neutral zone.
0:16 of 1st period - Slapshot by Vladimir Tarasenko.
0:16 of 1st period - Stopped by Rick DiPietro without a rebound.
0:17 of 1st period - Melker Karlsson wins face-off versus Dave Bolland in Blue Jackets zone.
0:22 of 1st period - Snap shot by Melker Karlsson.
0:22 of 1st period - Shot Blocked by Daniel Carcillo.
0:24 of 1st period - Backhand shot by Pierre-Edouard Bellemare.
0:24 of 1st period - Stopped by Rick DiPietro with a rebound.
0:26 of 1st period - Wrist shot by Pierre-Edouard Bellemare.
0:26 of 1st period - Stopped by Rick DiPietro with a rebound.
0:28 of 1st period - Slapshot by Fedor Tyutin.
0:28 of 1st period - Stopped by Rick DiPietro without a rebound.
0:29 of 1st period - Peter Mueller wins face-off versus Michael Latta in Blue Jackets zone.
0:38 of 1st period - Slapshot by Mats Zuccarello.
0:38 of 1st period - Shot Misses the Net.
1:46 of 1st period - Wrist shot by Melker Karlsson.
1:46 of 1st period - Deflect By Rick Nash.
1:46 of 1st period - Shot Misses the Net.
1:46 of 1st period - Puck is out of play.
1:47 of 1st period - Peter Mueller wins face-off versus Rick Nash in Blue Jackets zone.
1:56 of 1st period - Snap shot by Rickard Rakell.
1:56 of 1st period - Shot Blocked by Pierre-Edouard Bellemare.
1:58 of 1st period - Wrist shot by Mats Zuccarello.
1:58 of 1st period - Stopped by Keith Kinkaid without a rebound.
1:59 of 1st period - Frans Nielsen wins face-off versus Tyler Seguin in Islanders zone.
2:06 of 1st period - Wrist shot by Artemi Panarin.
2:06 of 1st period - Stopped by Keith Kinkaid with a rebound.
2:08 of 1st period - Wrist shot by Artemi Panarin.
2:08 of 1st period - Deflect By Bobby Ryan.
2:08 of 1st period - Stopped by Keith Kinkaid with a rebound.
2:23 of 1st period - Icing by Marc-Édouard Vlasic.
2:24 of 1st period - Michael Latta wins face-off versus Dave Bolland in Islanders zone.
2:33 of 1st period - Backhand shot by Fedor Tyutin.
2:33 of 1st period - Deflect By Michael Latta.
2:33 of 1st period - Shot Misses the Net.
2:33 of 1st period - Puck is out of play.
2:34 of 1st period - Bobby Ryan wins face-off versus Melker Karlsson in Blue Jackets zone.
2:45 of 1st period - Artemi Panarin is hit by Yann Sauvé and loses puck.
3:54 of 1st period - Slapshot by Emerson Etem.
3:54 of 1st period - Deflect By Andrew Shaw.
3:54 of 1st period - Stopped by Rick DiPietro without a rebound.
3:55 of 1st period - Melker Karlsson wins face-off versus Dave Bolland in Blue Jackets zone.
4:09 of 1st period - Off-side.
4:10 of 1st period - Frans Nielsen wins face-off versus Tyler Seguin in neutral zone.
4:18 of 1st period - Colton Parayko is hit by Frans Nielsen and loses puck.
5:03 of 1st period - Daniel Carcillo is hit by Craig Smith and loses puck.
6:03 of 1st period - Snap shot by Bobby Ryan.
6:03 of 1st period - Shot Blocked by Pierre-Edouard Bellemare.
6:05 of 1st period - Slapshot by Rob Scuderi.
6:05 of 1st period - Deflect By Tyler Seguin.
6:05 of 1st period - Shot Blocked by Marc-Édouard Vlasic.
6:05 of 1st period - Puck is out of play.
6:06 of 1st period - Melker Karlsson wins face-off versus Tyler Seguin in Islanders zone.
6:25 of 1st period - Wrist shot by Melker Karlsson.
6:25 of 1st period - Shot Blocked by Colton Parayko.
6:27 of 1st period - Slapshot by Nikita Zadorov.
6:27 of 1st period - Shot Blocked by Colton Parayko.
6:29 of 1st period - Slapshot by Nikita Zadorov.
6:29 of 1st period - Stopped by Rick DiPietro with a rebound.
6:33 of 1st period - Slapshot by Rick Nash.
6:33 of 1st period - Shot Misses the Net.
6:35 of 1st period - Slapshot by Pierre-Edouard Bellemare.
6:35 of 1st period - Stopped by Rick DiPietro with a rebound.
6:41 of 1st period - Wrist shot by Rick Nash.
6:41 of 1st period - Stopped by Rick DiPietro with a rebound.
6:43 of 1st period - Snap shot by Yann Sauvé.
6:43 of 1st period - Shot Blocked by Travis Hamonic.
6:55 of 1st period - Snap shot by Bobby Ryan.
6:55 of 1st period - Shot Misses the Net.
7:59 of 1st period - Slapshot by Rick Nash.
7:59 of 1st period - Stopped by Rick DiPietro with a rebound.
8:01 of 1st period - Slapshot by Melker Karlsson.
8:01 of 1st period - Shot Misses the Net.
8:03 of 1st period - Slapshot by Melker Karlsson.
8:03 of 1st period - Shot Misses the Net.
8:05 of 1st period - Wrist shot by Ryan Ellis.
8:05 of 1st period - Stopped by Rick DiPietro without a rebound.
8:06 of 1st period - Dave Bolland wins face-off versus Frans Nielsen in Blue Jackets zone.
8:15 of 1st period - Snap shot by Daniel Carcillo.
8:15 of 1st period - Shot Misses the Net.
8:21 of 1st period - Slapshot by Fedor Tyutin.
8:21 of 1st period - Shot Blocked by Shea Weber.
8:23 of 1st period - Slapshot by Fedor Tyutin.
8:23 of 1st period - Deflect By Frans Nielsen.
8:23 of 1st period - Stopped by Rick DiPietro with a rebound.
8:33 of 1st period - Dave Bolland is hit by Marc-Édouard Vlasic.
9:19 of 1st period - Justin Falk is hit by Rickard Rakell and loses puck.
9:24 of 1st period - Snap shot by Mats Zuccarello.
9:24 of 1st period - Shot Misses the Net.
9:48 of 1st period - Snap shot by Mats Zuccarello.
9:48 of 1st period - Shot Misses the Net.
10:00 of 1st period - Yann Sauvé is hit by Rob Scuderi and loses puck.
11:03 of 1st period - Daniel Carcillo is hit by Emerson Etem and loses puck.
11:56 of 1st period - Dennis Wideman is hit by Yann Sauvé and loses puck.
12:50 of 1st period - Rickard Rakell is hit by Jiri Hudler.
13:00 of 1st period - Travis Hamonic is hit by Yann Sauvé and loses puck.
13:13 of 1st period - Artemi Panarin is hit by Michael Latta and loses puck.
14:12 of 1st period - Martin Havlat is hit by Frans Nielsen and loses puck.
14:39 of 1st period - Dave Bolland is hit by Sergei Plotnikov.
14:53 of 1st period - Peter Mueller is hit by Ryan Ellis.
15:56 of 1st period - Rickard Rakell is hit by Frans Nielsen and loses puck.
16:09 of 1st period - Rickard Rakell is hit by Brock McGinn and loses puck.
16:19 of 1st period - Off-side.
16:20 of 1st period - Melker Karlsson wins face-off versus Daniel Carcillo in neutral zone.
17:01 of 1st period - Snap shot by Michael Latta.
17:01 of 1st period - Stopped by Rick DiPietro with a rebound.
17:27 of 1st period - Backhand shot by Andrew Shaw.
17:27 of 1st period - Stopped by Rick DiPietro with a rebound.
18:39 of 1st period - Andrew Shaw is hit by Artemi Panarin and loses puck.
19:27 of 1st period - Dennis Wideman is hit by Rick Nash and loses puck.
19:40 of 1st period - Icing by Rickard Rakell.
19:41 of 1st period - Jiri Hudler wins face-off versus Peter Mueller in Blue Jackets zone.
19:50 of 1st period - Snap shot by Emerson Etem.
19:50 of 1st period - Shot Misses the Net.
Goals for this period are 0 for Blue Jackets vs 0 for Islanders.
Shots for this period are 3 for Blue Jackets vs 13 for Islanders.

2nd period


0:01 of 2nd period - Tyler Seguin wins face-off versus Frans Nielsen in neutral zone.
0:06 of 2nd period - Wrist shot by Tyler Seguin.
0:06 of 2nd period - Shot Misses the Net.
0:35 of 2nd period - Snap shot by Daniel Carcillo.
0:35 of 2nd period - Shot Misses the Net.
0:45 of 2nd period - Snap shot by Peter Mueller.
0:45 of 2nd period - Stopped by Keith Kinkaid without a rebound.
0:46 of 2nd period - Mats Zuccarello wins face-off versus Michael Latta in Islanders zone.
0:49 of 2nd period - Wrist shot by Peter Mueller.
0:49 of 2nd period - Shot Blocked by Marc-Édouard Vlasic.
0:51 of 2nd period - Slapshot by Dennis Wideman.
0:51 of 2nd period - Stopped by Keith Kinkaid without a rebound.
0:52 of 2nd period - Michael Latta wins face-off versus Peter Mueller in Islanders zone.
1:07 of 2nd period - Fedor Tyutin is hit by Mats Zuccarello and loses puck.
1:28 of 2nd period - Wrist shot by Travis Hamonic.
1:28 of 2nd period - Stopped by Keith Kinkaid with a rebound.
1:30 of 2nd period - Slapshot by Colton Parayko.
1:30 of 2nd period - Stopped by Keith Kinkaid with a rebound.
1:32 of 2nd period - Slapshot by Colton Parayko.
1:32 of 2nd period - Shot Blocked by Fedor Tyutin.
1:34 of 2nd period - Wrist shot by Colton Parayko.
1:34 of 2nd period - Shot Misses the Net.
1:36 of 2nd period - Wrist shot by Rickard Rakell.
1:36 of 2nd period - Shot Blocked by Fedor Tyutin.
1:38 of 2nd period - Backhand shot by Mats Zuccarello.
1:38 of 2nd period - Deflect By Rickard Rakell.
1:38 of 2nd period - Stopped by Keith Kinkaid with a rebound.
1:40 of 2nd period - Slapshot by Peter Mueller.
1:40 of 2nd period - Shot Blocked by Marc-Édouard Vlasic.
1:42 of 2nd period - Slapshot by Travis Hamonic.
1:42 of 2nd period - Stopped by Keith Kinkaid with a rebound.
1:52 of 2nd period - Snap shot by Peter Mueller.
1:52 of 2nd period - Stopped by Keith Kinkaid with a rebound.
1:54 of 2nd period - Snap shot by Mats Zuccarello.
1:54 of 2nd period - Deflect By Marc-Édouard Vlasic.
1:54 of 2nd period - Shot Misses the Net.
1:54 of 2nd period - Puck is out of play.
1:55 of 2nd period - Artemi Panarin wins face-off versus Frans Nielsen in Islanders zone.
2:02 of 2nd period - Wrist shot by Bobby Ryan.
2:02 of 2nd period - Stopped by Keith Kinkaid with a rebound.
2:41 of 2nd period - Minor Penalty to Martin Havlat for Cross-checking.
2:42 of 2nd period - Frans Nielsen wins face-off versus Tyler Seguin in Blue Jackets zone.
3:17 of 2nd period - Slapshot by Fedor Tyutin.
3:17 of 2nd period - Shot Misses the Net.
3:19 of 2nd period - Snap shot by Brock McGinn.
3:19 of 2nd period - Shot Misses the Net.
3:21 of 2nd period - Slapshot by Fedor Tyutin.
3:21 of 2nd period - Shot Blocked by Artemi Panarin.
4:35 of 2nd period - Colton Parayko is hit by Rick Nash and loses puck.
4:41 of 2nd period - Penalty to Martin Havlat is over, Martin Havlat is back on ice.
4:58 of 2nd period - Travis Hamonic is hit by Craig Smith and loses puck.
6:06 of 2nd period - Snap shot by Ryan Wilson.
6:06 of 2nd period - Deflect By Martin Havlat.
6:06 of 2nd period - Stopped by Keith Kinkaid with a rebound.
6:08 of 2nd period - Backhand shot by Tim Schaller.
6:08 of 2nd period - Shot Misses the Net.
6:33 of 2nd period - Snap shot by Andrew Shaw.
6:33 of 2nd period - Shot Misses the Net.
6:35 of 2nd period - Slapshot by Marc-Édouard Vlasic.
6:35 of 2nd period - Deflect By Andrew Shaw.
6:35 of 2nd period - Stopped by Rick DiPietro with a rebound.
7:08 of 2nd period - Emerson Etem is hit by Rob Scuderi and loses puck.
7:54 of 2nd period - Travis Hamonic is hit by Ryan Ellis.
7:58 of 2nd period - Michael Latta is hit by Bobby Ryan and loses puck.
8:11 of 2nd period - Nikita Zadorov is hit by Rickard Rakell and loses puck.
8:26 of 2nd period - Icing by Nikita Zadorov.
8:27 of 2nd period - Jiri Hudler wins face-off versus Daniel Carcillo in Islanders zone.
8:53 of 2nd period - Slapshot by Marc-Édouard Vlasic.
8:53 of 2nd period - Deflect By Bobby Ryan.
8:53 of 2nd period - Goal by Marc-Édouard Vlasic - Blue Jackets : 0 - Islanders : 1.
8:54 of 2nd period - Frans Nielsen wins face-off versus Tyler Seguin in neutral zone.
9:18 of 2nd period - Icing by Bobby Ryan.
9:19 of 2nd period - Melker Karlsson wins face-off versus Tyler Seguin in Blue Jackets zone.
9:20 of 2nd period - Slapshot by Marc-Édouard Vlasic.
9:20 of 2nd period - Stopped by Rick DiPietro with a rebound.
9:22 of 2nd period - Snap shot by Rick Nash.
9:22 of 2nd period - Stopped by Rick DiPietro with a rebound.
9:24 of 2nd period - Wrist shot by Pierre-Edouard Bellemare.
9:24 of 2nd period - Shot Misses the Net.
9:26 of 2nd period - Slapshot by Fedor Tyutin.
9:26 of 2nd period - Shot Blocked by Colton Parayko.
10:48 of 2nd period - Snap shot by Tim Schaller.
10:48 of 2nd period - Shot Misses the Net.
10:55 of 2nd period - Icing by Yann Sauvé.
10:56 of 2nd period - Melker Karlsson wins face-off versus Dave Bolland in Islanders zone.
10:56 of 2nd period - Melker Karlsson is hit by Devin Setoguchi.
11:22 of 2nd period - Snap shot by Bobby Ryan.
11:22 of 2nd period - Shot Misses the Net.
11:40 of 2nd period - Wrist shot by Rick Nash.
11:40 of 2nd period - Stopped by Rick DiPietro with a rebound.
11:42 of 2nd period - Slapshot by Yann Sauvé.
11:42 of 2nd period - Deflect By Rick Nash.
11:42 of 2nd period - Shot Blocked by Ryan Wilson.
11:42 of 2nd period - Puck is out of play.
11:43 of 2nd period - Daniel Carcillo wins face-off versus Frans Nielsen in Blue Jackets zone.
11:50 of 2nd period - Slapshot by Dave Bolland.
11:50 of 2nd period - Shot Blocked by Nikita Zadorov.
11:52 of 2nd period - Snap shot by Dave Bolland.
11:52 of 2nd period - Shot Misses the Net.
12:23 of 2nd period - Wrist shot by Frans Nielsen.
12:23 of 2nd period - Shot Blocked by Travis Hamonic.
12:25 of 2nd period - Snap shot by Brock McGinn.
12:25 of 2nd period - Stopped by Rick DiPietro without a rebound.
12:26 of 2nd period - Dave Bolland wins face-off versus Michael Latta in Blue Jackets zone.
12:36 of 2nd period - Craig Smith is hit by Dennis Wideman and loses puck.
12:51 of 2nd period - Rick Nash is hit by Rickard Rakell and loses puck.
12:58 of 2nd period - Slapshot by Rick Nash.
12:58 of 2nd period - Stopped by Rick DiPietro without a rebound.
12:59 of 2nd period - Frans Nielsen wins face-off versus Tyler Seguin in Blue Jackets zone.
13:24 of 2nd period - Nikita Zadorov is hit by Daniel Carcillo and loses puck.
13:33 of 2nd period - Slapshot by Ryan Ellis.
13:33 of 2nd period - Stopped by Rick DiPietro without a rebound.
13:34 of 2nd period - Frans Nielsen wins face-off versus Tyler Seguin in Blue Jackets zone.
14:01 of 2nd period - Slapshot by Ryan Ellis.
14:01 of 2nd period - Stopped by Rick DiPietro without a rebound.
14:02 of 2nd period - Michael Latta wins face-off versus Daniel Carcillo in Blue Jackets zone.
14:29 of 2nd period - Marc-Édouard Vlasic is hit by Tyler Seguin and loses puck.
14:42 of 2nd period - Snap shot by Tyler Seguin.
14:42 of 2nd period - Goal by Tyler Seguin - Blue Jackets : 1 - Islanders : 1.
14:43 of 2nd period - Tyler Seguin wins face-off versus Frans Nielsen in neutral zone.
15:16 of 2nd period - Snap shot by Peter Mueller.
15:16 of 2nd period - Shot Blocked by Vladimir Tarasenko.
15:18 of 2nd period - Wrist shot by Rickard Rakell.
15:18 of 2nd period - Stopped by Keith Kinkaid without a rebound.
15:19 of 2nd period - Rick Nash wins face-off versus Tyler Seguin in Islanders zone.
15:19 of 2nd period - Rick Nash is hit by Artemi Panarin.
15:27 of 2nd period - Snap shot by Bobby Ryan.
15:27 of 2nd period - Stopped by Keith Kinkaid with a rebound.
15:29 of 2nd period - Slapshot by Shea Weber.
15:29 of 2nd period - Stopped by Keith Kinkaid without a rebound.
15:30 of 2nd period - Tyler Seguin wins face-off versus Melker Karlsson in Islanders zone.
15:36 of 2nd period - Snap shot by Artemi Panarin.
15:36 of 2nd period - Shot Blocked by Yann Sauvé.
15:38 of 2nd period - Slapshot by Bobby Ryan.
15:38 of 2nd period - Deflect By Melker Karlsson.
15:38 of 2nd period - Stopped by Keith Kinkaid without a rebound.
15:39 of 2nd period - Melker Karlsson wins face-off versus Artemi Panarin in Islanders zone.
16:02 of 2nd period - Snap shot by Bobby Ryan.
16:02 of 2nd period - Stopped by Keith Kinkaid with a rebound.
16:04 of 2nd period - Snap shot by Colton Parayko.
16:04 of 2nd period - Stopped by Keith Kinkaid with a rebound.
16:06 of 2nd period - Snap shot by Travis Hamonic.
16:06 of 2nd period - Stopped by Keith Kinkaid without a rebound.
16:07 of 2nd period - Frans Nielsen wins face-off versus Daniel Carcillo in Islanders zone.
16:22 of 2nd period - Snap shot by Vladimir Tarasenko.
16:22 of 2nd period - Stopped by Rick DiPietro with a rebound.
16:24 of 2nd period - Snap shot by Marc-Édouard Vlasic.
16:24 of 2nd period - Deflect By Vladimir Tarasenko.
16:24 of 2nd period - Shot Misses the Net.
16:24 of 2nd period - Puck is out of play.
16:25 of 2nd period - Tyler Seguin wins face-off versus Melker Karlsson in Blue Jackets zone.
16:36 of 2nd period - Artemi Panarin is hit by Rick Nash.
16:42 of 2nd period - Snap shot by Artemi Panarin.
16:42 of 2nd period - Shot Misses the Net.
17:02 of 2nd period - Off-side.
17:03 of 2nd period - Michael Latta wins face-off versus Tyler Seguin in neutral zone.
17:09 of 2nd period - Off-side.
17:10 of 2nd period - Tyler Seguin wins face-off versus Michael Latta in neutral zone.
17:26 of 2nd period - Minor Penalty to Michael Latta for Hooking.
17:27 of 2nd period - Vladimir Tarasenko wins face-off versus Tyler Seguin in Islanders zone.
17:38 of 2nd period - Wrist shot by Artemi Panarin.
17:38 of 2nd period - Goal by Artemi Panarin - Blue Jackets : 2 - Islanders : 1.
17:39 of 2nd period - Tyler Seguin wins face-off versus Frans Nielsen in neutral zone.
18:06 of 2nd period - Dave Bolland is hit by Yann Sauvé and loses puck.
18:17 of 2nd period - Snap shot by Melker Karlsson.
18:17 of 2nd period - Shot Misses the Net.
19:13 of 2nd period - Fedor Tyutin is hit by Bobby Ryan and loses puck.
19:20 of 2nd period - Frans Nielsen is hit by Shea Weber and loses puck.
19:34 of 2nd period - Minor Penalty to Melker Karlsson for Hooking.
19:35 of 2nd period - Dave Bolland wins face-off versus Vladimir Tarasenko in Islanders zone.
19:45 of 2nd period - Backhand shot by Daniel Carcillo.
19:45 of 2nd period - Shot Blocked by Yann Sauvé.
19:47 of 2nd period - Slapshot by Travis Hamonic.
19:47 of 2nd period - Stopped by Keith Kinkaid with a rebound.
Goals for this period are 2 for Blue Jackets vs 1 for Islanders.
Shots for this period are 19 for Blue Jackets vs 10 for Islanders.

3rd period


0:01 of 3rd period - Vladimir Tarasenko wins face-off versus Tyler Seguin in neutral zone.
0:12 of 3rd period - Snap shot by Vladimir Tarasenko.
0:12 of 3rd period - Shot Blocked by Travis Hamonic.
0:31 of 3rd period - Off-side.
0:32 of 3rd period - Vladimir Tarasenko wins face-off versus Devin Setoguchi in neutral zone.
1:34 of 3rd period - Penalty to Melker Karlsson is over, Melker Karlsson is back on ice.
2:21 of 3rd period - Colton Parayko is hit by Nikita Zadorov and loses puck.
2:45 of 3rd period - Wrist shot by Dave Bolland.
2:45 of 3rd period - Shot Blocked by Melker Karlsson.
2:47 of 3rd period - Wrist shot by Devin Setoguchi.
2:47 of 3rd period - Shot Misses the Net.
3:31 of 3rd period - Minor Penalty to Melker Karlsson for Hooking.
3:32 of 3rd period - Dave Bolland wins face-off versus Vladimir Tarasenko in Islanders zone.
3:37 of 3rd period - Slapshot by Daniel Carcillo.
3:37 of 3rd period - Stopped by Keith Kinkaid with a rebound.
3:39 of 3rd period - Slapshot by Shea Weber.
3:39 of 3rd period - Stopped by Keith Kinkaid without a rebound.
3:40 of 3rd period - Vladimir Tarasenko wins face-off versus Dave Bolland in Islanders zone.
4:11 of 3rd period - Wrist shot by Dave Bolland.
4:11 of 3rd period - Shot Misses the Net.
4:37 of 3rd period - Snap shot by Daniel Carcillo.
4:37 of 3rd period - Stopped by Keith Kinkaid without a rebound.
4:38 of 3rd period - Vladimir Tarasenko wins face-off versus Tyler Seguin in Islanders zone.
4:38 of 3rd period - Vladimir Tarasenko is hit by Tyler Seguin.
4:44 of 3rd period - Snap shot by Bobby Ryan.
4:44 of 3rd period - Shot Blocked by Vladimir Tarasenko.
5:31 of 3rd period - Penalty to Melker Karlsson is over, Melker Karlsson is back on ice.
5:49 of 3rd period - Wrist shot by Sergei Plotnikov.
5:49 of 3rd period - Stopped by Rick DiPietro with a rebound.
6:46 of 3rd period - Wrist shot by Michael Latta.
6:46 of 3rd period - Shot Blocked by Travis Hamonic.
6:48 of 3rd period - Snap shot by Michael Latta.
6:48 of 3rd period - Stopped by Rick DiPietro without a rebound.
6:49 of 3rd period - Jiri Hudler wins face-off versus Dave Bolland in Blue Jackets zone.
6:52 of 3rd period - Wrist shot by Emerson Etem.
6:52 of 3rd period - Stopped by Rick DiPietro without a rebound.
6:53 of 3rd period - Dave Bolland wins face-off versus Jiri Hudler in Blue Jackets zone.
6:53 of 3rd period - Dave Bolland is hit by Ryan Ellis.
7:05 of 3rd period - Wrist shot by Andrew Shaw.
7:05 of 3rd period - Shot Misses the Net.
7:39 of 3rd period - Snap shot by Rick Nash.
7:39 of 3rd period - Shot Blocked by Ryan Wilson.
7:47 of 3rd period - Wrist shot by Peter Mueller.
7:47 of 3rd period - Shot Blocked by Yann Sauvé.
7:49 of 3rd period - Wrist shot by Peter Mueller.
7:49 of 3rd period - Stopped by Keith Kinkaid without a rebound.
7:50 of 3rd period - Frans Nielsen wins face-off versus Tyler Seguin in Islanders zone.
8:01 of 3rd period - Slapshot by Justin Falk.
8:01 of 3rd period - Stopped by Rick DiPietro with a rebound.
8:57 of 3rd period - Wrist shot by Artemi Panarin.
8:57 of 3rd period - Stopped by Keith Kinkaid without a rebound.
8:58 of 3rd period - Frans Nielsen wins face-off versus Daniel Carcillo in Islanders zone.
8:58 of 3rd period - Frans Nielsen is hit by Devin Setoguchi.
9:24 of 3rd period - Ryan Ellis is hit by Dennis Wideman and loses puck.
9:57 of 3rd period - Off-side.
9:58 of 3rd period - Jiri Hudler wins face-off versus Tyler Seguin in neutral zone.
10:01 of 3rd period - Slapshot by Yann Sauvé.
10:01 of 3rd period - Stopped by Rick DiPietro without a rebound.
10:02 of 3rd period - Emerson Etem wins face-off versus Tyler Seguin in Blue Jackets zone.
10:18 of 3rd period - Minor Penalty to Tim Schaller for Tripping.
10:19 of 3rd period - Tyler Seguin wins face-off versus Frans Nielsen in Blue Jackets zone.
10:19 of 3rd period - Tyler Seguin is hit by Frans Nielsen.
12:18 of 3rd period - Penalty to Tim Schaller is over, Tim Schaller is back on ice.
12:24 of 3rd period - Ryan Wilson is hit by Michael Latta and loses puck.
13:16 of 3rd period - Nikita Zadorov is hit by Peter Mueller and loses puck.
13:55 of 3rd period - Icing by Peter Mueller.
13:56 of 3rd period - Craig Smith wins face-off versus Mats Zuccarello in Blue Jackets zone.
14:05 of 3rd period - Snap shot by Peter Mueller.
14:05 of 3rd period - Shot Blocked by Brock McGinn.
15:14 of 3rd period - Snap shot by Michael Latta.
15:14 of 3rd period - Stopped by Rick DiPietro with a rebound.
15:30 of 3rd period - Slapshot by Marc-Édouard Vlasic.
15:30 of 3rd period - Deflect By Andrew Shaw.
15:30 of 3rd period - Stopped by Rick DiPietro with a rebound.
15:32 of 3rd period - Slapshot by Marc-Édouard Vlasic.
15:32 of 3rd period - Shot Blocked by Dave Bolland.
15:34 of 3rd period - Snap shot by Jiri Hudler.
15:34 of 3rd period - Stopped by Rick DiPietro without a rebound.
15:35 of 3rd period - Dave Bolland wins face-off versus Michael Latta in Blue Jackets zone.
16:02 of 3rd period - Snap shot by Melker Karlsson.
16:02 of 3rd period - Stopped by Rick DiPietro with a rebound.
16:18 of 3rd period - Slapshot by Vladimir Tarasenko.
16:18 of 3rd period - Shot Misses the Net.
16:20 of 3rd period - Snap shot by Vladimir Tarasenko.
16:20 of 3rd period - Shot Blocked by Shea Weber.
16:22 of 3rd period - Wrist shot by Vladimir Tarasenko.
16:22 of 3rd period - Stopped by Rick DiPietro with a rebound.
16:24 of 3rd period - Snap shot by Frans Nielsen.
16:24 of 3rd period - Stopped by Rick DiPietro without a rebound.
16:25 of 3rd period - Michael Latta wins face-off versus Tyler Seguin in Blue Jackets zone.
16:32 of 3rd period - Snap shot by Bobby Ryan.
16:32 of 3rd period - Shot Blocked by Ryan Ellis.
16:58 of 3rd period - Wrist shot by Colton Parayko.
16:58 of 3rd period - Shot Misses the Net.
17:36 of 3rd period - Slapshot by Mats Zuccarello.
17:36 of 3rd period - Stopped by Keith Kinkaid with a rebound.
18:07 of 3rd period - Dennis Wideman is hit by Fedor Tyutin and loses puck.
18:49 of 3rd period - Islanders, Keith Kinkaid is pulled from the net.
18:51 of 3rd period - Snap shot by Craig Smith.
18:51 of 3rd period - Goal by Craig Smith - Blue Jackets : 2 - Islanders : 2.
18:51 of 3rd period - Keith Kinkaid from Islanders was sent back in the game.
18:52 of 3rd period - Tyler Seguin wins face-off versus Michael Latta in neutral zone.
18:57 of 3rd period - Snap shot by Travis Hamonic.
18:57 of 3rd period - Shot Misses the Net.
19:29 of 3rd period - Shea Weber is hit by Marc-Édouard Vlasic and loses puck.
19:42 of 3rd period - Slapshot by Shea Weber.
19:42 of 3rd period - Shot Misses the Net.
Goals for this period are 0 for Blue Jackets vs 1 for Islanders.
Shots for this period are 6 for Blue Jackets vs 12 for Islanders.

Overtime #1


0:01 of 1st overtime period - Tyler Seguin wins face-off versus Vladimir Tarasenko in neutral zone.
0:39 of 1st overtime period - Icing by Colton Parayko.
0:40 of 1st overtime period - Bobby Ryan wins face-off versus Andrew Shaw in Blue Jackets zone.
0:47 of 1st overtime period - Wrist shot by Bobby Ryan.
0:47 of 1st overtime period - Stopped by Keith Kinkaid with a rebound.
0:49 of 1st overtime period - Slapshot by Travis Hamonic.
0:49 of 1st overtime period - Shot Blocked by Marc-Édouard Vlasic.
0:51 of 1st overtime period - Slapshot by Colton Parayko.
0:51 of 1st overtime period - Stopped by Keith Kinkaid with a rebound.
0:53 of 1st overtime period - Snap shot by Daniel Carcillo.
0:53 of 1st overtime period - Stopped by Keith Kinkaid without a rebound.
0:54 of 1st overtime period - Vladimir Tarasenko wins face-off versus Tyler Seguin in Islanders zone.
1:01 of 1st overtime period - Snap shot by Vladimir Tarasenko.
1:01 of 1st overtime period - Shot Misses the Net.
1:03 of 1st overtime period - Wrist shot by Rick Nash.
1:03 of 1st overtime period - Shot Blocked by Dennis Wideman.
1:07 of 1st overtime period - Wrist shot by Vladimir Tarasenko.
1:07 of 1st overtime period - Stopped by Rick DiPietro without a rebound.
1:08 of 1st overtime period - Vladimir Tarasenko wins face-off versus Tyler Seguin in Blue Jackets zone.
1:11 of 1st overtime period - Wrist shot by Vladimir Tarasenko.
1:11 of 1st overtime period - Shot Misses the Net.
1:13 of 1st overtime period - Snap shot by Vladimir Tarasenko.
1:13 of 1st overtime period - Shot Misses the Net.
1:47 of 1st overtime period - Marc-Édouard Vlasic is hit by Colton Parayko and loses puck.
2:13 of 1st overtime period - Icing by Tyler Seguin.
2:14 of 1st overtime period - Zac Rinaldo wins face-off versus Vladimir Tarasenko in Blue Jackets zone.
3:15 of 1st overtime period - Slapshot by Bobby Ryan.
3:15 of 1st overtime period - Stopped by Keith Kinkaid without a rebound.
3:16 of 1st overtime period - Frans Nielsen wins face-off versus Bobby Ryan in Islanders zone.
3:34 of 1st overtime period - Slapshot by Daniel Carcillo.
3:34 of 1st overtime period - Stopped by Keith Kinkaid with a rebound.
3:36 of 1st overtime period - Slapshot by Dennis Wideman.
3:36 of 1st overtime period - Stopped by Keith Kinkaid without a rebound.
3:37 of 1st overtime period - Vladimir Tarasenko wins face-off versus Tyler Seguin in Islanders zone.
3:48 of 1st overtime period - Wrist shot by Vladimir Tarasenko.
3:48 of 1st overtime period - Shot Misses the Net.
4:20 of 1st overtime period - Wrist shot by Daniel Carcillo.
4:20 of 1st overtime period - Shot Blocked by Fedor Tyutin.
4:22 of 1st overtime period - Slapshot by Dennis Wideman.
4:22 of 1st overtime period - Shot Misses the Net.
4:24 of 1st overtime period - Snap shot by Bobby Ryan.
4:24 of 1st overtime period - Stopped by Keith Kinkaid with a rebound.
4:26 of 1st overtime period - Slapshot by Shea Weber.
4:26 of 1st overtime period - Shot Misses the Net.
4:28 of 1st overtime period - Slapshot by Shea Weber.
4:28 of 1st overtime period - Shot Blocked by Frans Nielsen.
Goals for this period are 0 for Blue Jackets vs 0 for Islanders.
Shots for this period are 7 for Blue Jackets vs 1 for Islanders.

ShootOut


5:00 of 1st overtime period - Round #1.
5:00 of 1st overtime period - Blue Jackets, Tyler Seguin.
5:00 of 1st overtime period - Backhand shot by Tyler Seguin.
5:00 of 1st overtime period - Stopped by Keith Kinkaid.
5:00 of 1st overtime period - Islanders, Vladimir Tarasenko.
5:00 of 1st overtime period - Wrist shot by Vladimir Tarasenko.
5:00 of 1st overtime period - Stopped by Rick DiPietro.
5:00 of 1st overtime period - Round #2.
5:00 of 1st overtime period - Blue Jackets, Artemi Panarin.
5:00 of 1st overtime period - Deke by Artemi Panarin.
5:00 of 1st overtime period - Shot Misses the Net.
5:00 of 1st overtime period - Islanders, Rick Nash.
5:00 of 1st overtime period - Backhand shot by Rick Nash.
5:00 of 1st overtime period - Goal by Rick Nash.
5:00 of 1st overtime period - Round #3.
5:00 of 1st overtime period - Blue Jackets, Bobby Ryan.
5:00 of 1st overtime period - Deke by Bobby Ryan.
5:00 of 1st overtime period - Shot Misses the Net.